 Dungeon Crawl Stone Soup version 0.28-a0-1087-gf3fc490d9d (webtiles) character file.

Game seed: 12801918702756388785

500 fragbeetle the Ruffian (level 6, -2/51 HPs)
             Began as a Draconian Transmuter on Dec 11, 2021.
             Slain by a gnoll (10 damage)
             ... on level 5 of the Dungeon.
             The game lasted 00:13:12 (5066 turns).

fragbeetle the Ruffian (Draconian Transmuter)       Turns: 5066, Time: 00:13:13

Health: -2/51      AC:  2    Str: 14    XL:     6   Next: 94%
Magic:  7/10       EV: 20    Int: 13    God:
Gold:   219        SH:  0    Dex: 17    Spells: 7/11 levels left

rFire   . . .      SeeInvis +     - Unarmed
rCold   . . .      Faith    .   (shield currently unavailable)
rNeg    . . .      Spirit   .   (armour unavailable)
rPois   x          Reflect  .   (helmet currently unavailable)
rElec   .          Harm     .   (cloak currently unavailable)
rCorr   .          Rampage  .   (gloves currently unavailable)
Will    .....                   (boots currently unavailable)
Stlth   ++........              (no amulet)
HPRegen 0.17/turn               d - ring of see invisible
MPRegen 0.12/turn               n - ring of wizardry

@: spider-form (expiring)
A: venomous fangs, AC +6, tiny, unfitting armour, (cold-blooded)
a: End Transformation


You were on level 5 of the Dungeon.
You were a venomous arachnid creature.
You visited 1 branch of the dungeon, and saw 5 of its levels.

You collected 219 gold pieces.

Inventory:

Hand Weapons
 h - a +2 dagger of venom
 i - a +4 mace of draining
Missiles
 c - 2 atropa-tipped darts
 t - a throwing net
Armour
 a - a +0 pair of gloves (melded)
Jewellery
 d - a ring of see invisible (left front leg)
 n - a ring of wizardry (right front leg)
 p - an amulet of reflection
 s - a ring of positive energy
Wands
 u - a wand of charming (4)
Scrolls
 b - 2 scrolls of blinking {unknown}
 f - a scroll of teleportation {unknown}
 g - a scroll of identify {unknown}
 j - a scroll of noise {unknown}
 m - 2 scrolls of magic mapping {unknown}
 o - a scroll of fog {unknown}
 v - a scroll of fear {unknown}
 w - a scroll of enchant armour {unknown}
Potions
 e - 3 potions of curing {unknown}
 k - 2 potions of flight {unknown}
 l - a potion of lignification {unknown}
 q - 2 potions of heal wounds {unknown}
 r - 2 potions of mutation {unknown}
 x - a potion of cancellation {unknown}


   Skills:
 * Level 3.0 Fighting
 * Level 3.2 Dodging
 + Level 4.8 Unarmed Combat
 + Level 3.0 Spellcasting
 * Level 4.3 Transmutations
 + Level 0.1 Poison Magic


You had 7 spell levels left.
You knew the following spells:

 Your Spells              Type           Power      Damage    Failure   Level
a - Beastly Appendage     Tmut           26%        N/A       4%          1
b - Spider Form           Tmut/Pois      7%         N/A       22%         3

Your spell library contained the following spells:

 Spells                   Type           Power      Damage    Failure   Level
 Wereblood                Tmut           13%        N/A       7%          2
 Slow                     Hex            4%         N/A       19%         1
 Confusing Touch          Hex            1%         N/A       43%         3
 Frozen Ramparts          Ice            2%         1d2       43%         3
 Ice Form                 Ice/Tmut       7%         N/A       52%         4
 Summon Ice Beast         Ice/Summ       1%         N/A       77%         4
 Yara's Violent Unravell  Hex/Tmut       3%         3d4       82%         5


Dungeon Overview and Level Annotations

Branches:
Dungeon (5/15)
 Temple: D:4-7

Altars:
Okawaru
Ru
Uskayaw
Wu Jian
Yredelemnul

Shops:
D:5 [


Innate Abilities, Weirdness & Mutations

You are a venomous arachnid creature.
You have poisonous fangs.
You are tiny and dextrous.
Your spellcasting is less reliable in this form.
Your armour is entirely melded.
You are incapable of wielding weapons or throwing items.
((Your plain brown scales are hard. (AC +6)))
You cannot fit into any form of body armour.
((You are cold-blooded and may be slowed by cold attacks.))


Message History

The gnoll hits you from afar with a +0 halberd.
Casting: Spider Form (dangerous; 12% risk of failure)
Confirm with . or Enter, or press ? or * to list all spells.
You turn into a venomous arachnid creature.
Your +0 pair of gloves melds into your body.
The gnoll barely misses you.
You barely miss the gnoll. The gnoll misses you. x2
You hit the gnoll.
The gnoll is poisoned.
The gnoll is lightly wounded.
The gnoll barely misses you.
You bite the gnoll!
The gnoll is almost dead.
You kill the gnoll!
The gnoll hits you from afar with a +0 halberd!
The gnoll misses you.
You hit the gnoll.
The gnoll is lightly wounded.
The gnoll closely misses you. The gnoll hits you with a +0 flail.
You hit the gnoll.
The gnoll is poisoned.
The gnoll is lightly wounded.
The gnoll closely misses you.
You hit the gnoll.
The gnoll looks as sick as possible!
The gnoll is severely wounded.
The gnoll hits you but does no damage. The gnoll closely misses you.
You hit the gnoll.
You kill the gnoll!
The gnoll completely misses you. The gnoll completely misses you.
You barely miss the gnoll. The gnoll hits you with a +0 halberd!
* * * LOW HITPOINT WARNING * * *
You completely miss the gnoll.
Your transformation is almost over.
The gnoll misses you.
You hit the gnoll.
The gnoll is poisoned.
The gnoll is moderately wounded.
The gnoll closely misses you.
You bite the gnoll!
The gnoll looks as sick as possible!
The gnoll is almost dead.
The gnoll hits you with a +0 halberd!
You die...

##.### ## ##+##....#...#
....#....#...#
.........#...# ..
.........#...# ....
#..........##.....
..#...)..⌠.⌠.........
....?.g...∩.........# ..
##.###.s)⌠.⌠........##..
.!.....)........>......#
.#.....................#
#.....................#
#......####'##.........
#......................
.....#.........=........
.....#.........##.......
... #.........##.......


You could see a gnoll (extremely poisoned).

Vanquished Creatures
  A bullfrog (D:3)
  A bullfrog zombie (D:5)
  A jelly (D:5)
  An orc priest (D:4)
  A centaur skeleton (D:5)
  A hound (D:5)
  3 orc wizards
  A hound zombie (D:5)
  Robin (D:3)
  3 gnolls (D:5)
  3 adders (D:2)
  4 worms
  10 orcs
  6 endoplasms
  8 giant cockroaches
  10 goblins
  7 hobgoblins
  13 jackals
  5 quokkas
  8 ball pythons
  4 bats
  4 frilled lizards
  6 kobolds
  8 rats
110 creatures vanquished.

Notes
Turn   | Place    | Note
-------+----------+-------------------------------------------
     0 | D:1      | fragbeetle the Draconian Transmuter began the quest for the
                  | Orb.
     0 | D:1      | Reached XP level 1. HP: 16/16 MP: 3/3
   286 | D:1      | Reached XP level 2. HP: 21/23 MP: 3/5
   479 | D:1      | Found a faded altar of an unknown god.
  1002 | D:1      | Reached XP level 3. HP: 28/28 MP: 3/6
  1914 | D:2      | Reached XP level 4. HP: 29/36 MP: 5/7
  2057 | D:2      | Learned a level 3 spell: Spider Form
  2544 | D:3      | Noticed Robin
  2555 | D:3      | Killed Robin
  2718 | D:3      | Reached XP level 5. HP: 40/40 MP: 6/8
  2752 | D:3      | Found a sacrificial altar of Ru.
  3757 | D:3      | Reached XP level 6. HP: 50/50 MP: 8/10
  3916 | D:4      | Found an iron altar of Okawaru.
  3979 | D:4      | Found a hide-covered altar of Uskayaw.
  4469 | D:4      | Found an ornate altar of the Wu Jian Council.
  4593 | D:5      | Entered Level 5 of the Dungeon
  4870 | D:5      | Found a basalt altar of Yredelemnul.
  5029 | D:5      | Found Kaenk's Antique Armour Emporium.
  5066 | D:5      | Slain by a gnoll

Illustrated notes

Levels and vault maps discovered:
D:1:      tarquinn_simple_flora_water_b, layout_basic,
          ebering_ecumenical_altar_ruins
D:2:      layout_basic
D:3:      layout_loops_ring, nicolae_ru_great_annihilating_truth, uniq_robin
D:4:      layout_gridville, minitemple, pf_just_have_faith
D:5:      layout_basic, mainiacjoe_overflow_catwalk, serial_shops,
          shop_fountains, minmay_misc_feat_columns

Skill      XL: |  1  2  3  4  5  6 |
---------------+-------------------+-----
Dodging        | 2 3 |  3.2
Fighting       | 2 3 |  3.0
Transmutations | 3 4 |  4.3
Unarmed Combat | 4 |  4.8
Spellcasting   | 3 |  3.0
Poison Magic   | |  0.1

Action                   |  1- 3 |  4- 6 || total
-------------------------+-------+-------++-------
Melee: Unarmed           |   120 |   215 ||   335
       Kick              |    22 |    45 ||    67
       Tailslap          |    10 |    19 ||    29
       Headbutt          |     6 |    28 ||    34
 Cast: Beastly Appendage |    25 |    35 ||    60
       Spider Form       |       |     6 ||     6
Armor: Skin              |    33 |    41 ||    74
Dodge: Dodged            |    61 |   141 ||   202

Table legend: (Time is in decaauts)
 A = Elapsed time spent in this place.
 B = Non-inter-level travel time spent in this place.
 C = Inter-level travel time spent in this place.
 D = Time resting spent in this place.
 E = Time spent auto-exploring this place.
 F = Levels seen in this place.
 G = Mean time per level.
                   A        B        C        D        E       F      G
               +--------+--------+--------+--------+--------+-----+--------+
         Total |   5045 |   4971 |     74 |   1320 |   2605 |   5 | 1009.0 |
       Dungeon |   5045 |   4971 |     74 |   1320 |   2605 |   5 | 1009.0 |
               +--------+--------+--------+--------+--------+-----+--------+

Top non-repeatable levels by time:
     D:3: 1574 daAuts
     D:1: 1355 daAuts
     D:4: 998 daAuts
     D:2: 895 daAuts
     D:5: 221 daAuts
